 Dungeon Crawl Stone Soup version 0.26-a0-682-g294304f6e8 (webtiles) character file.

Game seed: 15460560077721725030

10 Forecaster the Sneak (level 2, -3/22 HPs)
             Began as a Naga Enchanter on Oct 21, 2020.
             Slain by a hobgoblin (4 damage)
             ... on level 1 of the Dungeon.
             The game lasted 00:02:34 (493 turns).

Forecaster the Sneak (Naga Enchanter)                Turns: 493, Time: 00:02:35

Health: -3/22      AC:  1    Str: 10    XL:     2   Next: 20%
Magic:  3/5        EV: 10    Int: 21    God:
Gold:   55         SH:  0    Dex: 11    Spells: 4/5 levels left

rFire    . . .     SeeInvis +   a - +1 dagger
rCold    . . .     Faith    .   (no shield)
rNeg     . . .     Spirit   .   c - +0 robe (curse)
rPois    +         Reflect  .   (no helmet)
rElec    .         Harm     .   (no cloak)
rCorr    .         Rampage  .   (no gloves)
MR       .....     Rnd*Tele +   (no barding)
Stlth    +++.......             (no amulet)
HPRegen  0.07/turn              e - +6 ring of intelligence
MPRegen  0.09/turn              j - ring of teleportation (curse)

@: very slow
A: large, see invisible, deformed body, poison resistance, slowness 2, spit
poison 1, AC +0
a: Spit Poison


You were on level 1 of the Dungeon.
You visited 1 branch of the dungeon, and saw 1 of its levels.

You collected 55 gold pieces.

Inventory:

Hand Weapons
 a - a +1 dagger (weapon)
 f - a +0 short sword
Missiles
 k - a throwing net (quivered)
Armour
 b - a +0 robe
 c - a cursed +0 robe (worn)
 i - a +0 leather armour
Jewellery
 e - a +6 ring of intelligence (left hand)
 g - an uncursed ring of resist corrosion
 h - a +6 ring of intelligence
 j - a cursed ring of teleportation (right hand)
Potions
 d - 2 potions of curing {unknown}


   Skills:
 + Level 1.0 Short Blades
 + Level 1.6 Dodging
 + Level 4.7 Stealth
 + Level 2.0 Spellcasting
 + Level 3.4 Hexes


You had 4 spell levels left.
You knew the following spells:

 Your Spells              Type           Power        Failure   Level
a - Corona                Hex            ###....      3%          1

Your spell library contained the following spells:

 Spells                   Type           Power        Failure   Level
 Ensorcelled Hibernation  Hex/Ice        #.....       11%         2
 Confusing Touch          Hex            ###.....     11%         3
 Tukima's Dance           Hex            ###.....     11%         3
 Dazzling Flash           Conj/Hex       #.....       22%         3


Dungeon Overview and Level Annotations

Branches:
Dungeon (1/15)

Altars:


Innate Abilities, Weirdness & Mutations

You cannot wear boots.
Your serpentine skin is tough. (AC +0)
You have supernaturally acute eyesight. (SInv)
Armour fits poorly on your strangely shaped body.
Your system is resistant to poisons. (rPois)
You cover ground very slowly.
You can spit poison.


Message History

The hobgoblin misses you.
Casting: Corona (safe; 3% risk of failure)
Confirm with . or Enter, or press ? or * to list all spells.
Press: ? - help, Shift-Dir - straight line, f - hobgoblin, p - hobgoblin
Aim: a hobgoblin (chance to defeat MR: 71%)
The hobgoblin is outlined in light.
The hobgoblin hits you. x2
* * * LOW HITPOINT WARNING * * *
You hit the hobgoblin.
The hobgoblin is lightly wounded.
The hobgoblin barely misses you.
A dart slug comes into view.
The hobgoblin hits you.
* * * LOW HITPOINT WARNING * * *
You hit the hobgoblin but do no damage.
The hobgoblin is lightly wounded.
The hobgoblin misses you. x2
You hit the hobgoblin.
The hobgoblin is heavily wounded.
The hobgoblin hits you.
You die...

....##..... ....#..
#....... .# ......##..
...w.##.##### ...#.....
#...........# ...#...###
#...........# #........#
...........# #........##
#.........# ...........
#..g......#
....##....####..@g.....#
.#'#.........#........$#
.#.##..#.###......######
##.###.# ....#.....#
..<..#.# ###.......###
##.#######.###.......##
.........'...#........#
#####.####.#.##.......#
#####.##...#.......#..#


You could see a dart slug and 2 hobgoblins.

Vanquished Creatures
  2 bats (D:1)
  3 goblins (D:1)
  A hobgoblin (D:1)
  2 frilled lizards (D:1)
  2 rats (D:1)
10 creatures vanquished.

Notes
Turn   | Place    | Note
-------+----------+-------------------------------------------
     0 | D:1      | Forecaster the Naga Enchanter began the quest for the Orb.
     0 | D:1      | Reached XP level 1. HP: 15/15 MP: 3/3
   305 | D:1      | Reached XP level 2. HP: 17/22 MP: 5/5
   491 | D:1      | HP: 1/22 [hobgoblin (4)]
   493 | D:1      | Slain by a hobgoblin

Illustrated notes

Levels and vault maps discovered:
D:1:      shiori_shiawase, layout_rooms, minmay_misc_feat_square

Action                   || total
-------------------------++-------
Melee: Dagger            ||    32
 Cast: Corona            ||     4
 Stab: Sleeping          ||     3
Armor: Robe              ||     3
Dodge: Dodged            ||    21

Table legend: (Time is in decaauts)
 A = Elapsed time spent in this place.
 B = Non-inter-level travel time spent in this place.
 C = Inter-level travel time spent in this place.
 D = Time resting spent in this place.
 E = Time spent auto-exploring this place.
 F = Levels seen in this place.
 G = Mean time per level.
                   A        B        C        D        E       F      G
               +--------+--------+--------+--------+--------+-----+--------+
         Total |    572 |    572 |      0 |    218 |     30 |   1 |  572.0 |
       Dungeon |    572 |    572 |      0 |    218 |     30 |   1 |  572.0 |
               +--------+--------+--------+--------+--------+-----+--------+

Top non-repeatable levels by time:
     D:1: 572 daAuts
